AoeStats
← Tσvx´

Arabia

504267732Analyzed
2v2 RM · 29d ago on Sep 4, 2026· 49m 51s· 4 players
Game mode
Random Map
Map size
Medium (4 player)
Population
200
Speed
Normal
Resources
Standard
Victory
Conquest
Starting age
Dark Age
Ending age
Imperial Age
RankedLock teamsTeams togetherTeam positionsShared explorationLock speedFull tech treeHidden civsTurbo modeCheats
Victory
Defeat
🇨🇴 Chinese · Colombia
723
+15
🇳🇴 Huns · Norway
613
+19
🇦🇷 Goths · Argentina
719
-18
🇦🇷 Cumans · Argentina
663
-16
Hanson
1:00 Loom
10:40 Feudal Age
17:08 Double-Bit Axe
21:17 Horse Collar
24:27 Castle Age
24:58 Scale Mail Armor
24:29 Pikeman
27:16 Wheelbarrow
28:57 Bow Saw
30:41 Heavy Plow
33:23 Hand Cart
35:35 Padded Archer Armor
35:26 Fletching
35:42 Scale Barding Armor
37:37 Coinage
37:08 Caravan
39:58 Gold Mining
43:46 Imperial Age
43:03 Capped Ram
45:48 Chemistry
45:16 Elite Kipchak
Tσvx´
0:35 Loom
10:30 Feudal Age
13:10 Horse Collar
13:18 Double-Bit Axe
21:30 Castle Age
20:42 Bloodlines
24:49 Elite Skirmisher
25:55 Stone Mining
25:57 Gold Mining
30:12 Heavy Plow
32:10 Wheelbarrow
31:20 Town Watch
36:26 Hand Cart
36:11 Town Patrol
36:27 Forging
36:07 Fletching
37:21 Bow Saw
39:27 Ballistics
40:37 Stone Shaft Mining
43:36 Imperial Age
42:47 Iron Casting
42:12 Scale Mail Armor
42:36 Anarchy
43:17 Caravan
43:47 Coinage
43:17 Caravan
45:34 Chemistry
45:08 Heavy Scorpion
Sraki0
0:44 Loom
10:17 Feudal Age
10:39 Horse Collar
13:49 Gold Mining
17:52 Wheelbarrow
21:04 Castle Age
19:35 Fletching
20:28 Padded Archer Armor
20:19 Double-Bit Axe
20:27 Stone Mining
21:57 Bow Saw
21:51 Heavy Plow
24:53 Gold Shaft Mining
24:59 Stone Shaft Mining
25:52 Hand Cart
26:51 Ballistics
26:21 Town Watch
27:28 Fortified Wall
28:39 Town Patrol
33:32 Imperial Age
32:40 Thumb Ring
33:07 Crossbowman
33:46 Bodkin Arrow
34:06 Leather Archer Armor
35:03 Conscription
34:51 Bracer
34:53 Arbalester
36:06 Ring Archer Armor
35:06 Heavy Rocket Cart
36:09 Rocketry
37:44 Two-Man Saw
39:13 Chemistry
38:09 Murder Holes
38:29 Caravan
41:52 Forging
41:43 Scale Mail Armor
42:29 Elite Fire Lancer
43:48 Iron Casting
43:19 Arson
43:34 Squires
50:41 Blast Furnace
49:57 Chain Mail Armor
OMEN 7776698
1:05 Loom
12:34 Feudal Age
13:02 Double-Bit Axe
13:27 Horse Collar
14:49 Wheelbarrow
14:00 Town Watch
20:44 Castle Age
19:52 Stone Mining
19:53 Gold Mining
21:43 Hand Cart
21:42 Bow Saw
21:35 Heavy Plow
22:01 Town Patrol
23:14 Gold Shaft Mining
26:26 Fervor
27:46 Scale Barding Armor
27:52 Forging
29:04 Husbandry
29:15 Bloodlines
30:18 Town Patrol
31:32 Chain Barding Armor
31:50 Caravan
35:15 Imperial Age
35:23 Imperial Age
34:46 Chain Barding Armor
37:31 Iron Casting
37:32 Plate Barding Armor
36:21 Elite Tarkan
37:22 Conscription
38:24 Cavalier
41:17 Blast Furnace
40:37 Guilds
42:27 Paladin
49:30 Heavy Cavalry Archer
50:35 Parthian Tactics
50:17 Thumb Ring
50:38 Ballistics
51:18 Chemistry
50:21 Padded Archer Armor
50:12 Fletching
Connection lost

Rejoining the realm…

Still unreachable

The connection could not be restored.

Session expired

The server has moved on; the page needs a fresh start.